PCL
CALGARY COWBOYS @ SAN JOSE MISSIONS
09/10/2025
 
TOP OF THE 1ST
Calgary Cowboys batting - Pitching for San Jose Missions : RHP Luis Ortíz
Pitching: RHP Luis Ortíz
Batting: RHB Clark Hodge 0-0: Ball
1-0: Called Strike
1-1: Swinging Strike
1-2: Strikes out looking
Batting: RHB Jorge Balencia 0-0: Ball
1-0: Foul Ball, location: 2F
1-1: Ground out 5-3 (Groundball, 56)
Batting: LHB Terry Maloney 0-0: Called Strike
0-1: Foul Ball, location: 2F
0-2: Ground out 4-3 (Groundball, 4M)
Top of the 1st over - 0 run(s), 0 hit(s), 0 error(s), 0 left on base; Calgary 0 - San Jose 0
BOTTOM OF THE 1ST
San Jose Missions batting - Pitching for Calgary Cowboys : RHP Bert Killick
Pitching: RHP Bert Killick
Batting: RHB Peyton Pennington 0-0: Swinging Strike
0-1: Called Strike
0-2: Ball
1-2: Strikes out swinging
Batting: RHB Ed Starr 0-0: Foul Ball, location: 2F
0-1: Foul Ball, location: 2F
0-2: Ball
1-2: Ball
2-2: Ball
3-2: Foul Ball, location: 2F
3-2: SINGLE (Groundball, 4M)
Batting: RHB Goro Tanabe 0-0: Called Strike
0-1: Ball
1-1: Ball
2-1: SINGLE (Line Drive, 7LS)
Ed Starr to second
Batting: LHB Miguel Montés 0-0: Called Strike
0-1: Fly out, F8 (Flyball, 8RXD)
Runner from 2nd tags up, SAFE at 3rd, no throw
Batting: RHB Armando López 0-0: Foul Ball, location: 2F
0-1: DOUBLE (Line Drive, 7LM)
Ed Starr scores
Goro Tanabe to third
Runner from 3rd tries for Home, SAFE, no throw or cutoff
Batting: LHB Félix García 0-0: Called Strike
0-1: Swinging Strike
0-2: Strikes out looking
Bottom of the 1st over - 2 run(s), 3 hit(s), 0 error(s), 1 left on base; Calgary 0 - San Jose 2
TOP OF THE 2ND
Calgary Cowboys batting - Pitching for San Jose Missions : RHP Luis Ortíz
Batting: LHB Miguel Pérez 0-0: Ball
1-0: Called Strike
1-1: Ball
2-1: Called Strike
2-2: Ground out 4-3 (Groundball, 4)
Batting: RHB Ramón Martínez 0-0: Ground out 5-3 (Groundball, 56)
Batting: RHB Shayne Burry 0-0: Ball
1-0: Ground out 5-3 (Groundball, 5S)
Top of the 2nd over - 0 run(s), 0 hit(s), 0 error(s), 0 left on base; Calgary 0 - San Jose 2
BOTTOM OF THE 2ND
San Jose Missions batting - Pitching for Calgary Cowboys : RHP Bert Killick
Batting: RHB Chang-geun Kim 0-0: Foul Ball, location: 2F
0-1: Ball
1-1: Ball
2-1: Ball
3-1: Foul Ball, location: 2F
3-2: SINGLE (Groundball, 34D)
Batting: RHB Bobby Brewster 0-0: Swinging Strike
0-1: Ball
1-1: Swinging Strike
1-2: Fly out, F8 (Flyball, 8RM)
1-2: Fly out, F8 (Flyball, 8RM)
Batting: RHB David Crespo 0-0: Called Strike
0-1: Called Strike
0-2: Ball
1-2: Strikes out swinging
Chang-geun Kim steals 2nd base
Batter strikes out.
Batting: RHB Peyton Pennington 0-0: Swinging Strike
0-1: Ball
1-1: Foul Ball, location: 2F
1-2: Ball
2-2: SINGLE (Line Drive, 7LS)
Chang-geun Kim to third
Runner from 3rd tries for Home, SAFE, no throw or cutoff
Batting: RHB Ed Starr 0-0: Ball
1-0: Ball
2-0: Called Strike
2-1: Ball
3-1: Called Strike
3-2: Foul Ball, location: 2F
3-2: Strikes out swinging
Bottom of the 2nd over - 1 run(s), 2 hit(s), 0 error(s), 1 left on base; Calgary 0 - San Jose 3
TOP OF THE 3RD
Calgary Cowboys batting - Pitching for San Jose Missions : RHP Luis Ortíz
Batting: LHB Freddy Herrera 0-0: Ball
1-0: SINGLE (Groundball, 56)
Batting: RHB Mike Wilcox 0-0: Ball
1-0: Ball
2-0: SINGLE (Flyball, 9S)
Freddy Herrera to second
Runner from 2nd tries for 3rd, SAFE, throw made to third
Batting: RHB Mario Sánchez 0-0: Called Strike
0-1: Swinging Strike
0-2: Ball
1-2: Foul Ball, location: 2F
1-2: SINGLE (Flyball, 89S)
Freddy Herrera scores
Mike Wilcox to second
Runner from 2nd tries for 3rd, SAFE, no throw or cutoff
Batting: RHB Clark Hodge 0-0: Ball
1-0: Ball
2-0: Ball
3-0: Called Strike
3-1: Grounds into double play, 5-4-3 (Groundball, 5)
Mike Wilcox scores
Batting: RHB Jorge Balencia 0-0: Called Strike
0-1: Ball
1-1: Called Strike
1-2: Ball
2-2: SINGLE (Line Drive, 8LS)
Batting: LHB Terry Maloney 0-0: Called Strike
0-1: Foul Ball, location: 2F
0-2: Hit by Pitch
Jorge Balencia to second
Batting: LHB Miguel Pérez 0-0: Ball
1-0: Foul Ball, location: 2F
1-1: Ball
2-1: Ball
3-1: Foul Ball, location: 2F
3-2: Base on Balls
Jorge Balencia to third
Terry Maloney to second
Batting: RHB Ramón Martínez 0-0: Called Strike
0-1: Ball
1-1: Foul Ball, location: 2F
1-2: SINGLE (Groundball, 6MS)
Jorge Balencia scores
Terry Maloney to third
Miguel Pérez to second
Runner from 3rd tries for Home, SAFE, no throw or cutoff
Batting: RHB Shayne Burry 0-0: Ball
1-0: Foul Ball, location: 2F
1-1: SINGLE (Groundball, 56S)
Miguel Pérez to third
Ramón Martínez to second
Runner from 3rd tries for Home, SAFE, no throw or cutoff
Batting: LHB Freddy Herrera 0-0: Hit by Pitch
Ramón Martínez to third
Shayne Burry to second
Batting: RHB Mike Wilcox 0-0: Called Strike
0-1: Ball
1-1: Swinging Strike
1-2: Strikes out swinging
Top of the 3rd over - 5 run(s), 6 hit(s), 0 error(s), 3 left on base; Calgary 5 - San Jose 3
BOTTOM OF THE 3RD
San Jose Missions batting - Pitching for Calgary Cowboys : RHP Bert Killick
Batting: RHB Goro Tanabe 0-0: Swinging Strike
0-1: Ball
1-1: Foul Ball, location: 2F
1-2: Foul Ball, location: 2F
1-2: Ball
2-2: Ball
3-2: Foul Ball, location: 2F
3-2: Strikes out swinging
Batting: LHB Miguel Montés 0-0: Called Strike
0-1: Fly out, F6 (Popup, 6)
Batting: RHB Armando López 0-0: SINGLE (Groundball, 6MD)
Batting: LHB Félix García 0-0: Ball
1-0: Ball
2-0: Ball
3-0: Base on Balls
Armando López to second
Batting: RHB Chang-geun Kim 0-0: Called Strike
0-1: Foul Ball, location: 2F
0-2: Ball
1-2: Foul Ball, location: 2F
1-2: Ground out 5-3 (Groundball, 5S)
Bottom of the 3rd over - 0 run(s), 1 hit(s), 0 error(s), 2 left on base; Calgary 5 - San Jose 3
TOP OF THE 4TH
Calgary Cowboys batting - Pitching for San Jose Missions : RHP Luis Ortíz
Batting: RHB Mario Sánchez 0-0: Ground out 4-3 (Groundball, 4M)
Batting: RHB Clark Hodge 0-0: Called Strike
0-1: Called Strike
0-2: Ball
1-2: Ground out 6-3 (Groundball, 6)
Batting: RHB Jorge Balencia 0-0: Ball
1-0: Ball
2-0: Ball
3-0: Base on Balls
Batting: LHB Terry Maloney 0-0: Foul Ball, location: 2F
0-1: Ground out 4-3 (Groundball, 13)
Top of the 4th over - 0 run(s), 0 hit(s), 0 error(s), 1 left on base; Calgary 5 - San Jose 3
BOTTOM OF THE 4TH
San Jose Missions batting - Pitching for Calgary Cowboys : RHP Bert Killick
Batting: RHB Bobby Brewster 0-0: Ball
1-0: Called Strike
1-1: Ball
2-1: Ball
3-1: Base on Balls
Batting: RHB David Crespo 0-0: Called Strike
0-1: Swinging Strike
0-2: Strikes out swinging
Batting: RHB Peyton Pennington 0-0: Foul Ball, location: 2F
0-1: Fly out, F9 (Flyball, 89M)
Batting: RHB Ed Starr Pickoff Throw to First - Error! E1
Bobby Brewster to second
0-0: Ball
1-0: Foul Ball, location: 2F
1-1: Called Strike
1-2: Ball
2-2: Strikes out looking
Bottom of the 4th over - 0 run(s), 0 hit(s), 1 error(s), 1 left on base; Calgary 5 - San Jose 3
TOP OF THE 5TH
Calgary Cowboys batting - Pitching for San Jose Missions : RHP Luis Ortíz
Batting: LHB Miguel Pérez 0-0: Called Strike
0-1: Ball
1-1: Ball
2-1: SINGLE (Groundball, 4M)
Batting: RHB Ramón Martínez 0-0: Ball
1-0: Grounds into double play, 1-6-3 (Groundball, 15)
Batting: RHB Shayne Burry 0-0: Called Strike
0-1: Ball
1-1: Ball
2-1: Called Strike
2-2: Ball
3-2: Strikes out looking
Top of the 5th over - 0 run(s), 1 hit(s), 0 error(s), 0 left on base; Calgary 5 - San Jose 3
BOTTOM OF THE 5TH
San Jose Missions batting - Pitching for Calgary Cowboys : RHP Bert Killick
Pitching: RHP Mitsunari Jouda
Batting: RHB Goro Tanabe 0-0: Foul Ball, location: 2F
0-1: Ball
1-1: Ball
2-1: Called Strike
2-2: Ball
3-2: Base on Balls
Batting: LHB Miguel Montés 0-0: Ball
1-0: Foul Ball, location: 2F
1-1: Ball
2-1: Called Strike
2-2: Foul Ball, location: 2F
2-2: Strikes out swinging
Batting: RHB Armando López 0-0: Grounds into double play, 5-4-3 (Groundball, 5)
Bottom of the 5th over - 0 run(s), 0 hit(s), 0 error(s), 0 left on base; Calgary 5 - San Jose 3
TOP OF THE 6TH
Calgary Cowboys batting - Pitching for San Jose Missions : RHP Luis Ortíz
Batting: LHB Freddy Herrera 0-0: Ball
1-0: Ball
2-0: Ball
3-0: Base on Balls
Batting: RHB Mike Wilcox 0-0: Ball
1-0: Ball
2-0: Ball
3-0: Called Strike
3-1: Foul Ball, location: 2F
3-2: Base on Balls
Freddy Herrera to second
Batting: RHB Mario Sánchez 0-0: Called Strike
0-1: Grounds into double play, 1-6-3 (Groundball, 15)
Freddy Herrera to third
Batting: RHB Clark Hodge 0-0: Called Strike
0-1: Ball
1-1: Swinging Strike
1-2: Ball
2-2: Strikes out swinging
Top of the 6th over - 0 run(s), 0 hit(s), 0 error(s), 1 left on base; Calgary 5 - San Jose 3
BOTTOM OF THE 6TH
San Jose Missions batting - Pitching for Calgary Cowboys : RHP Mitsunari Jouda
Batting: LHB Félix García 0-0: Ball
1-0: Foul Ball, location: 2F
1-1: Ball
2-1: Ground out 3-1 (Groundball, 34S)
Batting: RHB Chang-geun Kim 0-0: Foul Ball, location: 2F
0-1: Swinging Strike
0-2: TRIPLE (Line Drive, 9LM)
Batting: RHB Bobby Brewster 0-0: Ball
1-0: Ball
2-0: Called Strike
2-1: Swinging Strike
2-2: Ball
3-2: Foul Ball, location: 2F
3-2: Strikes out looking
Batting: RHB David Crespo 0-0: Ball
1-0: Ball
2-0: Fly out, F8 (Flyball, 8RM)
Bottom of the 6th over - 0 run(s), 1 hit(s), 0 error(s), 1 left on base; Calgary 5 - San Jose 3
TOP OF THE 7TH
Calgary Cowboys batting - Pitching for San Jose Missions : RHP Luis Ortíz
Pitching: LHP Octávio Pérez
Batting: RHB Jorge Balencia 0-0: Called Strike
0-1: Ball
1-1: Fly out, F6 (Popup, 6MS)
Batting: LHB Terry Maloney 0-0: Called Strike
0-1: Called Strike
0-2: Ball
1-2: DOUBLE (Line Drive, 9LS)
Batting: LHB Miguel Pérez 0-0: Ball
1-0: Ball
2-0: Foul Ball, location: 2F
2-1: Ground out 6-3 (Groundball, 6)
Terry Maloney to third
Batting: RHB Ramón Martínez 0-0: Called Strike
0-1: Ball
1-1: Ball
2-1: Foul Ball, location: 2F
2-2: Strikes out swinging
Top of the 7th over - 0 run(s), 1 hit(s), 0 error(s), 1 left on base; Calgary 5 - San Jose 3
BOTTOM OF THE 7TH
San Jose Missions batting - Pitching for Calgary Cowboys : RHP Mitsunari Jouda
Pitching: RHP Eric Bell
Batting: RHB Peyton Pennington 0-0: Ball
1-0: Foul Ball, location: 2F
1-1: Foul Ball, location: 2F
1-2: Strikes out looking
Batting: RHB Ed Starr 0-0: Ball
1-0: Called Strike
1-1: Swinging Strike
1-2: Fly out, F8 (Flyball, 8RM)
Batting: RHB Goro Tanabe 0-0: Called Strike
0-1: Fly out, F8 (Flyball, 8LM)
Bottom of the 7th over - 0 run(s), 0 hit(s), 0 error(s), 0 left on base; Calgary 5 - San Jose 3
TOP OF THE 8TH
Calgary Cowboys batting - Pitching for San Jose Missions : LHP Octávio Pérez
Batting: RHB Shayne Burry 0-0: Ball
1-0: Foul Ball, location: 2F
1-1: Foul Ball, location: 2F
1-2: Ground out 5-3 (Groundball, 5)
Batting: LHB Freddy Herrera 0-0: Foul Ball, location: 2F
0-1: Called Strike
0-2: Fly out, F7 (Flyball, 7M)
Batting: RHB Mike Wilcox 0-0: Called Strike
0-1: Foul Ball, location: 2F
0-2: Ball
1-2: Ball
2-2: Ball
3-2: Foul Ball, location: 2F
3-2: Base on Balls
Batting: RHB Mario Sánchez 0-0: Ball
1-0: Ground out 5-3 (Groundball, 56S)
Top of the 8th over - 0 run(s), 0 hit(s), 0 error(s), 1 left on base; Calgary 5 - San Jose 3
BOTTOM OF THE 8TH
San Jose Missions batting - Pitching for Calgary Cowboys : RHP Eric Bell
Batting: LHB Miguel Montés 0-0: Called Strike
0-1: Called Strike
0-2: Ball
1-2: Foul Ball, location: 2F
1-2: Foul Ball, location: 2F
1-2: Ball
2-2: SINGLE (Line Drive, 78M)
Pitching: RHP Esteban Castro
Batting: RHB Armando López 0-0: Ball
1-0: Foul Ball, location: 2F
1-1: Swinging Strike
1-2: Fly out, F5 (Popup, 5F)
Pitching: LHP Alfredo Durán
Batting: LHB Félix García 0-0: Foul Ball, location: 2F
0-1: Fly out, F6 (Popup, 56D)
Batting: RHB Chang-geun Kim 0-0: Fielders Choice at 2nd, 6-4 (Groundball, 6)
Bottom of the 8th over - 0 run(s), 1 hit(s), 0 error(s), 0 left on base; Calgary 5 - San Jose 3
TOP OF THE 9TH
Calgary Cowboys batting - Pitching for San Jose Missions : LHP Octávio Pérez
Pitching: RHP Fernando Llama
Batting: RHB Clark Hodge 0-0: Called Strike
0-1: Ball
1-1: Swinging Strike
1-2: Strikes out swinging
Batting: RHB Jorge Balencia 0-0: SINGLE (Groundball, 4M)
Batting: LHB Terry Maloney 0-0: Swinging Strike
0-1: Called Strike
0-2: Ball
1-2: Strikes out swinging
Batting: LHB Miguel Pérez 0-0: Fly out, F7 (Flyball, 7D)
Top of the 9th over - 0 run(s), 1 hit(s), 0 error(s), 1 left on base; Calgary 5 - San Jose 3
BOTTOM OF THE 9TH
San Jose Missions batting - Pitching for Calgary Cowboys : LHP Alfredo Durán
Pitching: RHP Tatsuzo Harada
Batting: RHB Bobby Brewster 0-0: Swinging Strike
0-1: Ball
1-1: SINGLE (Line Drive, 8RS)
Pinch Hitting: RHB Irwin Duncan 0-0: Called Strike
0-1: Ball
1-1: Foul Ball, location: 2F
1-2: Strikes out swinging
Batting: RHB Peyton Pennington 0-0: Called Strike
0-1: Foul Ball, location: 2F
0-2: Ball
1-2: Strikes out swinging
Pinch Hitting: LHB Arturo Rivera 0-0: Ball
1-0: Foul Ball, location: 2F
1-1: Ball
2-1: Ball
3-1: Fly out, F9 (Flyball, 9S)
Bottom of the 9th over - 0 run(s), 1 hit(s), 0 error(s), 1 left on base; Calgary 5 - San Jose 3
This league is powered by Out of the Park Baseball, the baseball management simulation game for PC, Mac and Linux
Tuesday, August 2nd, 2016 - OOTP Baseball 16.8 Build 38